AoeStats
← 76561199495878758

Black Forest

509582388Analyzed
4v4 RM · 4d ago on Sep 27, 2026· 48m 12s· 8 players
Game mode
Random Map
Map size
Large (8 player)
Population
200
Speed
Normal
Resources
Standard
Victory
Conquest
Starting age
Dark Age
Ending age
Imperial Age
RankedLock teamsTeams togetherTeam positionsShared explorationLock speedFull tech treeHidden civsTurbo modeCheats
Victory
Defeat
🇦🇺 Britons · Australia
890
+14
🇨🇳 Jurchens · China
883
+14
🇨🇳 Goths · China
876
+14
🇦🇺 Khmer · Australia
824
+16
🇺🇸 Huns · United States
895
-17
🇪🇸 Varangians · Spain
850
-15
🇨🇳 Spanish · China
821
-14
🇲🇩 Romans · Moldova
776
-12
Teutonsn2
0:31 Loom
13:55 Feudal Age
17:19 Horse Collar
17:27 Double-Bit Axe
20:11 Castle Age
21:35 Wheelbarrow
21:26 Heavy Plow
21:42 Bow Saw
23:34 Heavy Plow
24:30 Hand Cart
24:01 Town Watch
25:45 Gold Mining
25:47 Stone Mining
31:33 Imperial Age
30:27 Husbandry
30:37 Bloodlines
31:46 Gold Shaft Mining
31:46 Caravan
32:42 Town Watch
33:18 Forging
33:09 Scale Mail Armor
33:15 Scale Barding Armor
33:00 Fletching
33:11 Padded Archer Armor
33:38 Heavy Cavalry Archer
35:04 Iron Casting
35:15 Siege Engineers
36:11 Chemistry
37:15 Leather Archer Armor
36:55 Bodkin Arrow
37:21 Chain Barding Armor
37:16 Pikeman
37:57 Squires
38:40 Murder Holes
38:56 Fortified Wall
39:53 Blast Furnace
39:09 Chain Mail Armor
38:20 Halberdier
41:47 Town Patrol
44:33 Ring Archer Armor
yyyyyliber
10:58 Feudal Age
15:39 Castle Age
19:56 Double-Bit Axe
22:24 Horse Collar
23:43 Bow Saw
30:24 Imperial Age
29:00 Padded Archer Armor
29:05 Scale Barding Armor
31:08 Leather Archer Armor
31:13 Chain Barding Armor
32:52 Heavy Plow
33:28 Ring Archer Armor
33:34 Plate Barding Armor
34:58 Elite Conquistador
37:38 Thumb Ring
[BF] Mister Leo
0:27 Loom
12:04 Feudal Age
12:41 Double-Bit Axe
13:16 Horse Collar
18:54 Castle Age
19:57 Heavy Plow
20:14 Bow Saw
19:45 Pikeman
20:29 Squires
20:35 Scale Mail Armor
22:39 Wheelbarrow
21:49 Town Watch
30:23 Imperial Age
28:23 Arson
29:32 Caravan
30:17 Hand Cart
32:47 Crop Rotation
33:22 Two-Man Saw
32:31 Gold Mining
33:48 Town Patrol
35:12 Conscription
34:18 Gothikon
34:21 Vendel Legacy
34:23 Elite Jarl
34:27 Halberdier
35:55 Scale Barding Armor
36:01 Forging
36:07 Chain Mail Armor
36:56 Elite Varangian Guard
37:48 Husbandry
37:59 Bloodlines
37:10 Cavalier
37:12 Light Cavalry
38:12 Stone Mining
42:03 Iron Casting
41:59 Plate Mail Armor
41:51 Chain Barding Armor
44:03 Blast Furnace
45:31 Plate Barding Armor
46:07 Hussar
Tulak Hord3920
0:27 Loom
14:19 Feudal Age
16:13 Horse Collar
24:34 Castle Age
22:21 Town Watch
25:50 Forging
31:47 Wheelbarrow
31:13 Town Patrol
32:25 Gold Mining
32:26 Stone Mining
37:32 Double-Bit Axe
37:52 Heavy Plow
40:50 Bow Saw
41:35 Hand Cart
42:23 Gold Shaft Mining
42:26 Pikeman
Bongrel
4:13 Loom
15:54 Feudal Age
17:32 Wheelbarrow
16:48 Double-Bit Axe
16:46 Horse Collar
21:07 Castle Age
22:12 Stone Mining
22:13 Gold Mining
24:19 Town Watch
24:58 Hand Cart
27:01 Fletching
27:50 Heavy Plow
29:11 Bow Saw
30:01 Pikeman
34:22 Bodkin Arrow
35:21 Ballistics
36:47 Yeomen
36:30 Padded Archer Armor
37:26 Masonry
38:11 Treadmill Crane
39:36 Gold Shaft Mining
40:39 Leather Archer Armor
41:18 Town Patrol
47:22 Imperial Age
49:43 Two-Man Saw
myMZ
12:43 Feudal Age
13:47 Double-Bit Axe
16:23 Castle Age
14:54 Horse Collar
18:48 Heavy Plow
22:12 Loom
24:34 Wheelbarrow
25:54 Hand Cart
26:59 Bow Saw
26:41 Gold Mining
26:48 Stone Mining
27:53 Caravan
28:35 Gold Shaft Mining
28:38 Stone Shaft Mining
27:58 Fletching
28:21 Forging
28:16 Scale Barding Armor
28:15 Padded Archer Armor
33:13 Imperial Age
32:01 Husbandry
32:54 Bloodlines
34:12 Iron Casting
33:57 Chain Barding Armor
34:19 Conscription
34:16 Elite Steppe Lancer
36:30 Blast Furnace
37:45 Plate Barding Armor
41:02 Masonry
Tormented Flexer
13:17 Feudal Age
13:59 Double-Bit Axe
13:59 Horse Collar
23:17 Castle Age
24:07 Stone Mining
24:12 Gold Mining
24:34 Bow Saw
24:28 Heavy Plow
30:47 Imperial Age
29:43 Gold Shaft Mining
29:49 Stone Shaft Mining
33:46 Wheelbarrow
35:31 Fortified Wall
35:50 Ballistics
36:31 Chemistry
37:44 Hand Cart
38:20 Conscription
41:28 Tusk Swords
42:48 Elite Ballista Elephant
44:38 Forging
76561199495878758
10:47 Feudal Age
11:44 Double-Bit Axe
16:32 Castle Age
14:32 Horse Collar
17:31 Gold Mining
17:31 Stone Mining
19:31 Stone Shaft Mining
19:10 Bow Saw
21:21 Heavy Plow
24:55 Wheelbarrow
27:33 Hand Cart
27:10 Loom
27:11 Pikeman
27:52 Squires
33:01 Imperial Age
33:03 Caravan
33:45 Anarchy
33:36 Capped Ram
36:34 Conscription
36:14 Perfusion
37:54 Chemistry
37:39 Sappers
37:54 Treadmill Crane
38:25 Masonry
39:04 Guilds
38:44 Onager
41:33 Two-Man Saw
41:11 Crop Rotation
42:39 Halberdier
Connection lost

Rejoining the realm…

Still unreachable

The connection could not be restored.

Session expired

The server has moved on; the page needs a fresh start.